 Dungeon Crawl Stone Soup version 0.31.0-11-ge490571c62 (webtiles) character file.

Game seed: 213255041088170014

44 qw the Shooter (level 3, 0/18 HPs)
             Began as a Spriggan Hunter on Feb 5, 2024.
             Slain by a gnoll
             ... wielding a +0 whip
              (3 damage)
             ... on level 2 of the Dungeon.
             The game lasted 00:00:04 (1024 turns).

qw the Shooter (Spriggan Hunter)                    Turns: 1024, Time: 00:00:05

Health: 0/18       AC:  2    Str:  7    XL:     3   Next: 39%
Magic:  4/4        EV: 19    Int: 10    God:
Gold:   68         SH:  0    Dex: 20    Spells: 2/2 levels left

rFire   . . .        a - +0 shortbow
rCold   . . .        (shield currently unavailable)
rNeg    . . .        c - +0 robe
rPois   .            (helmet restricted)
rElec   .            (no cloak)
rCorr   .            (gloves unavailable)
SInv    +            (boots unavailable)
Will    .....        (no amulet)
Stlth   ++           (no ring)
HPRegen 0.23/turn    (no ring)
MPRegen 0.09/turn

%: no passive effects
@: very quick
A: very small, no large weapons, unfitting armour, see invisible, speed 3
a: no special abilities


You were on level 2 of the Dungeon.
You visited 1 branch of the dungeon, and saw 2 of its levels.

You collected 68 gold pieces.


Innate Abilities, Weirdness & Mutations

You are very small and have problems with some larger weapons.
You are too small for most types of armour.
You have supernaturally acute eyesight. (SInv)
You cover ground extremely quickly. (Speed+++)


   Skills:
 - Level 1.5 Fighting
 + Level 4.7 Ranged Weapons
 - Level 4.0 Dodging
 - Level 1.5 Stealth


You had 2 spell levels left.
You didn't know any spells.
Your spell library was empty.

Inventory:

Hand Weapons
 a - a +0 shortbow (weapon)
Armour
 c - a +0 robe (worn)
Potions
 d - a potion of curing {unknown}
 f - a potion of magic {unknown}

Dungeon Overview and Level Annotations

Branches:
Dungeon (2/15)

Altars:


Message History

A gnoll comes into view. It is wielding a +0 club.
1010 ||| RETREEEEATING.
The gnoll shouts!
The gnoll closely misses you.
1011 ||| RETREEEEATING.
1012 ||| RETREEEEATING.
The gnoll closely misses you.
1013 ||| RETREEEEATING.
The gnoll hits you with a +0 spear.
1014 ||| RETREEEEATING.
1015 ||| RETREEEEATING.
The gnoll hits you from afar with a +0 spear.
You shoot an arrow. The arrow hits the gnoll.
You kill the gnoll!
You have reached level 3!
Your experience leads to an increase in your attributes!
Increase (S)trength, (I)ntelligence, or (D)exterity?
You feel agile. x2
You shoot an arrow.
The arrow hits the gnoll but does no damage.
You shoot an arrow. The arrow completely misses the gnoll.
The gnoll hits you with a +0 whip.
You shoot an arrow. The arrow closely misses the gnoll.
The gnoll misses you. The gnoll completely misses you.
The gnoll barely misses you. x2
You shoot an arrow. The arrow closely misses the gnoll.
The gnoll hits you with a +0 club. The gnoll hits you with a +0 whip.
You shoot an arrow.
The arrow hits the gnoll but does no damage.
The gnoll misses you. The gnoll closely misses you.
You shoot an arrow. The arrow hits the gnoll!
The gnoll is severely wounded.
The gnoll completely misses you. The gnoll misses you.
You shoot an arrow. The arrow hits the gnoll!
You kill the gnoll!
The gnoll misses you.
You shoot an arrow. The arrow hits the gnoll.
The gnoll is moderately wounded.
The gnoll hits you with a +0 whip.
You die...

### ... ..# ###
########.######. #..
................ ##.###
......)>........ ......
.......).##########....
######)#...........###
#....@g...............
#.####.#...........###
#.#########...... ..#
#.##### ##.# #.# #.#
#.# #.# #.# .# #.# #.#


You could see a gnoll.

Vanquished Creatures
  2 gnolls (D:2)
  9 ball pythons (D:1)
  3 endoplasms (D:1)
  A goblin (D:2)
  2 hobgoblins (D:1)
  2 quokkas (D:1)
  2 bats (D:1)
  2 frilled lizards
  A rat (D:1)
24 creatures vanquished.

Notes
Turn   | Place    | Note
-------+----------+-------------------------------------------
     0 | D:1      | qw the Spriggan Hunter began the quest for the Orb.
     0 | D:1      | Reached XP level 1. HP: 10/10 MP: 2/2
     0 | D:1      | 0 ||| qw: Version: 0.3-a-160-g6735b56
     0 | D:1      | 0 ||| qw: Game counter: 6178
     0 | D:1      | 0 ||| qw: Melee chars always use a shield: true
     0 | D:1      | 0 ||| qw: God list: Okawaru
     0 | D:1      | 0 ||| qw: Allow faded altars: false
     0 | D:1      | 0 ||| qw: Do Orc after clearing Dungeon:15 true
     0 | D:1      | 0 ||| qw: Do second Lair branch before Depths: true
     0 | D:1      | 0 ||| qw: Lair rune preference: random
     0 | D:1      | 0 ||| qw: Goals: Normal
     0 | D:1      | 0 ||| PLANNING D:1-11
   104 | D:1      | Reached skill level 3 in Dodging
   171 | D:1      | Reached XP level 2. HP: 14/14 MP: 3/3
   959 | D:1      | 959 ||| DROPPING scarf of shadows.
   960 | D:1      | 960 ||| DROPPING scroll of butterflies.
  1010 | D:2      | 1010 ||| RETREEEEATING.
  1011 | D:2      | 1011 ||| RETREEEEATING.
  1012 | D:2      | 1012 ||| RETREEEEATING.
  1013 | D:2      | 1013 ||| RETREEEEATING.
  1014 | D:2      | 1014 ||| RETREEEEATING.
  1015 | D:2      | 1015 ||| RETREEEEATING.
  1017 | D:2      | Reached XP level 3. HP: 6/18 MP: 4/4
  1020 | D:2      | HP: 2/18 [gnoll/+0 whip (3)]
  1024 | D:2      | Slain by a gnoll

Levels and vault maps discovered:
D:1:      kilobyte_arrival_exit_the_forest, layout_basic, serial_aquarium,
          aquarium_bridge_straight [aquarium_subvault_bridge,
          aquarium_subvault_wall, aquarium_subvault_bridge,
          aquarium_subvault_wall], aquarium_window_corridor_1,
          aquarium_window_double, aquarium_window_2, aquarium_window_fake,
          aquarium_view_2e, aquarium_view_2f, aquarium_balcony_double_1,
          chequers_big_river
D:2:      layout_basic, serial_forest, infiniplex_forest_clump_diagonal,
          infiniplex_forest_lined_corner, infiniplex_forest_clump_C,
          infiniplex_forest_clump_diagonal, serial_bayou_pond_d,
          kennysheep_generic_room_8

Skill      XL: |  1  2 |
---------------+-------+-----
Dodging        | 3 4 |  4.0
Fighting       | |  1.5
Ranged Weapons | |  4.7
Stealth        | |  1.5

Action                     || total
---------------------------++-------
   Fire: Shortbow          ||    65
 Armour: Robe              ||    11
  Dodge: Dodged            ||    35

Table legend:
 A = Non-vault XP
 B = Vault XP
 C = Vault XP percentage of total XP
 D = Non-vault monster count
 E = Vault monster count
 F = Vault count percentage of total count
                 A         B        C        D         E       F
            +---------+---------+-------+---------+---------+-------
      Total |      63 |       0 |   0.0 |      24 |       0 |   0.0
            +---------+---------+-------+---------+---------+-------
        D:1 |      32 |       0 |   0.0 |      20 |       0 |   0.0
        D:2 |      31 |       0 |   0.0 |       4 |       0 |   0.0
            +---------+---------+-------+---------+---------+-------
